 Dungeon Crawl Stone Soup version 0.25-a0-110-ge29c8f2358 (webtiles) character file.

Game seed: 6719892166337473984, levelgen mode: deterministic

2720 GordonOverkill the Prestidigitator (level 9, -3/68 HPs)
             Began as a Human Air Elementalist on Nov 19, 2019.
             Was a Follower of Kikubaaqudgha.
             Slain by a wight
             ... wielding a +0 halberd
              (4 damage)
             ... while paralysed
             ... on level 7 of the Dungeon.
             The game lasted 00:50:36 (10041 turns).

GordonOverkill the Prestidigitator (HuAE)          Turns: 10041, Time: 00:50:36

Health: -3/68      AC:  6    Str:  9    XL:     9   Next: 98%
Magic:  15/16      EV:  2    Int: 19    God:    Kikubaaqudgha [*.....]
Gold:   318        SH:  0    Dex: 13    Spells: 7/18 levels left

rFire    . . .     SeeInvis .   i - +2 long sword (elec)
rCold    + . .     Gourm    .   (no shield)
rNeg     . . .     Faith    .   a - +0 robe
rPois    .         Spirit   .   p - +0 helmet
rElec    .         Reflect  .   m - +2 cloak {+Inv}
rCorr    .         Harm     .   (no gloves)
MR       .....                  (no boots)
Stlth    +.........             l - amulet of rage
HPRegen  0.21/turn              n - ring of protection from cold
MPRegen  0.15/turn              (no ring)

@: paralysed, berserk cooldown, slowed, heavily drained
A: no striking features
a: Receive Corpses, Renounce Religion, Evoke Berserk Rage, Evoke Invisibility


You were on level 7 of the Dungeon.
You worshipped Kikubaaqudgha.
Kikubaaqudgha was aware of your devotion.
You were very hungry.

You visited 2 branches of the dungeon, and saw 9 of its levels.

You collected 318 gold pieces.

Inventory:

Hand Weapons
 h - a +2 dagger of venom
 i - a +2 long sword of electrocution (weapon)
 z - a +2 broad axe of holy wrath
Missiles
 f - 64 poisoned darts (quivered)
 g - 247 stones
Armour
 a - a +0 robe (worn)
 m - a +2 cloak of invisibility (worn)
 p - a +0 helmet (worn)
Jewellery
 l - an amulet of rage (around neck)
 n - a ring of protection from cold (left hand)
 s - an uncursed amulet of guardian spirit
Scrolls
 b - 3 scrolls of remove curse
 d - a scroll of fog {unknown}
 r - a scroll of random uselessness {unknown}
 t - a scroll of magic mapping
 x - 2 scrolls of teleportation
 y - 2 scrolls of immolation
 A - a scroll of enchant weapon {unknown}
 C - a scroll of amnesia {unknown}
Potions
 c - a potion of flight
 j - 2 potions of berserk rage
 k - a potion of heal wounds
 o - 4 potions of curing
 u - a potion of haste
 v - a potion of lignification
 w - a potion of brilliance {unknown}
Comestibles
 e - 12 rations


   Skills:
 - Level 5.0(3.2) Fighting
 - Level 2.0(0.3) Short Blades
 - Level 2.0(0.3) Dodging
 - Level 2.0(0.3) Stealth
 - Level 5.0(3.1) Spellcasting
 - Level 2.0(0.3) Conjurations
 - Level 4.0(2.2) Charms
 + Level 2.4(0.7) Necromancy
 - Level 3.0(1.2) Air Magic
 + Level 8.9(6.8) Evocations


You had 7 spell levels left.
You knew the following spells:

 Your Spells              Type           Power        Failure   Level  Hunger
a - Shock                 Conj/Air       #...         11%         1    None
b - Static Discharge      Conj/Air       #.......     32%         3    ###....
c - Swiftness             Chrm/Air       #.......     11%         2    ##.....
d - Vampiric Draining     Necr           #.........   32%         3    ###....
e - Corpse Rot            Necr           N/A          17%         2    ##.....

Your spell library contained the following spells:

 Spells                   Type           Power        Failure   Level  Hunger
 Animate Skeleton         Necr           N/A          11%         1    None
 Pain                     Necr           #...         11%         1    None
 Apportation              Tloc           #.....       16%         1    None
 Confusing Touch          Hex            #.....       16%         1    None
 Summon Small Mammal      Summ           #...         16%         1    None
 Sublimation of Blood     Necr           #.........   17%         2    ##.....
 Airstrike                Air            #.........   65%         4    ####...
 Lightning Bolt           Conj/Air       #.........   96%         5    ######.


Dungeon Overview and Level Annotations

Branches:
Dungeon (8/15)             Temple (1/1) D:5
   Lair: D:8-11

Altars:
Ashenzari
Cheibriados
Elyvilon
Gozag
Hepliaklqana
Kikubaaqudgha
Makhleb
Nemelex Xobeh
Okawaru
Qazlal
Ru
Sif Muna
Uskayaw
Wu Jian
Xom
Yredelemnul
Zin
The Shining One

Shops:
D:4 %

Annotations:
D:3 3 runed translucent doors, Ratty's ghost, amateur DEFE


Message History

* * * LOW HITPOINT WARNING * * *
You feel drained.
* * * LOW HITPOINT WARNING * * *
You closely miss the wight.
The wight is severely damaged.
The wight closely misses you. The wight barely misses you.
You slash the wight!
You destroy the wight!
Kikubaaqudgha accepts your kill.
You are no longer berserk.
You pass out from exhaustion.
You feel yourself slow down. The wight hits you but does no damage.
The wight hits you with a +0 halberd!
* * * LOW HITPOINT WARNING * * *
The wight hits you with a +0 halberd!
* * * LOW HITPOINT WARNING * * *
You feel drained.
You die...
Kikubaaqudgha rasps: "You have failed me!
Welcome... death!"

##
#.........#.
########....
##...#
#.....
#....#
....##
#...###
#.<.z.#
###@#.# #.#
#..).#
#.#### #. ##


You could see a wight.

Vanquished Creatures
  A hippogriff (D:8)
  Sigmund (D:2)
  An ice beast (D:8)
  An orc warrior (D:8)
  A phantom (D:5)
  A sky beast (D:8)
  2 ogres
  2 centaurs (D:8)
  A bullfrog (D:6)
  2 scorpions (D:4)
  2 killer bees (D:6)
  2 howler monkeys (D:8)
  5 wights (D:7)
  2 crimson imps
  A bullfrog zombie (D:7)
  Crazy Yiuf (D:2)
  6 orc priests
  4 hounds
  3 jellies
  A gnoll shaman (D:4)
  Jessica (D:2)
  An iguana (D:4)
  7 orc wizards
  3 worker ants
  A hound zombie (D:6)
  A worker ant zombie (D:7)
  Robin (D:1)
  7 gnolls
  7 adders
  A river rat (D:5)
  A shadow imp (D:6)
  An adder skeleton (D:7)
  4 worms
  4 dart slugs
  4 leopard geckos
  23 orcs
  3 giant cockroaches
  2 gnoll zombies (D:6)
  13 goblins
  8 hobgoblins
  12 jackals
  6 kobolds
  4 quokkas
  6 bats
  6 frilled lizards
  6 rats
173 creatures vanquished.

Vanquished Creatures (others)
  A crimson imp (D:8)
1 creature vanquished.

Grand Total: 174 creatures vanquished

Notes
Turn   | Place    | Note
-------+----------+-------------------------------------------
     0 | D:1      | GordonOverkill the Human Air Elementalist began the quest
                  | for the Orb.
     0 | D:1      | Reached XP level 1. HP: 13/13 MP: 3/3
   262 | D:1      | Reached XP level 2. HP: 19/19 MP: 3/5
   434 | D:1      | Reached skill level 1 in Short Blades
   648 | D:1      | Reached XP level 3. HP: 24/24 MP: 2/6
  1225 | D:2      | Learned a level 3 spell: Static Discharge
  1270 | D:2      | Noticed Robin
  1853 | D:2      | Found a snail-covered altar of Cheibriados.
  1889 | D:2      | Noticed Jessica
  1968 | D:2      | Killed Jessica
  1968 | D:2      | Reached XP level 4. HP: 27/30 MP: 0/8
  2042 | D:1      | Learned a level 2 spell: Swiftness
  2189 | D:2      | Noticed Sigmund
  2557 | D:1      | Killed Robin
  2557 | D:1      | Reached XP level 5. HP: 33/36 MP: 0/9
  2802 | D:2      | Found a runed translucent door.
  2803 | D:2      | Noticed Crazy Yiuf
  2815 | D:2      | Killed Crazy Yiuf
  2815 | D:2      | Reached skill level 1 in Fighting
  2815 | D:2      | Reached skill level 1 in Charms
  2815 | D:2      | Reached skill level 1 in Evocations
  3058 | D:2      | Killed Sigmund
  3058 | D:2      | Reached skill level 2 in Evocations
  3058 | D:2      | Reached XP level 6. HP: 46/46 MP: 8/10
  3371 | D:3      | Found a runed translucent gate.
  3371 | D:3      | Found a runed translucent gate.
  3371 | D:3      | Found a runed translucent gate.
  3371 | D:3      | Noticed Ratty's ghost (amateur DEFE)
  3565 | D:3      | Reached skill level 3 in Evocations
  3656 | D:3      | You fall into a shaft and drop 3 floors!
  3678 | D:6      | Reached XP level 7. HP: 52/52 MP: 4/11
  3744 | D:6      | You fall into a shaft and drop 2 floors!
  3744 | D:8      | Noticed a hippogriff
  3757 | D:8      | Killed a hippogriff
  3879 | D:8      | Found an ornate altar of the Wu Jian Council.
  3994 | D:8      | Reached XP level 8. HP: 60/60 MP: 10/13
  4048 | D:8      | Reached skill level 4 in Evocations
  4541 | D:8      | Reached skill level 5 in Evocations
  4553 | D:8      | Reached skill level 6 in Evocations
  4882 | D:8      | Noticed a two-headed ogre
  4988 | D:5      | Entered Level 5 of the Dungeon
  5003 | D:5      | Noticed a +0 hand axe
  5003 | D:5      | Noticed a +0 dagger
  5004 | D:5      | Found a hide-covered altar of Uskayaw.
  5016 | D:5      | Reached skill level 7 in Evocations
  5079 | D:5      | Reached XP level 9. HP: 65/65 MP: 10/15
  5539 | D:5      | Found a staircase to the Ecumenical Temple.
  5554 | Temple   | Entered the Ecumenical Temple
  5855 | D:5      | Found a hazy altar of Hepliaklqana.
  6126 | D:3      | Reached skill level 8 in Evocations
  6278 | D:3      | Found a stormy altar of Qazlal.
  6278 | D:3      | Found an opulent altar of Gozag.
  6281 | D:3      | Found an ancient bone altar of Kikubaaqudgha.
  6288 | D:3      | Became a worshipper of Kikubaaqudgha
  7457 | D:4      | Found Paxzea's Food Shop.
  7746 | D:5      | Found a shattered altar of Ashenzari.
  7777 | D:5      | Reached * piety under Kikubaaqudgha
  7777 | D:5      | Identified Kikubaaqudgha's Collected Works on Sinister
                  | Secrets (Kikubaaqudgha gifted it to you on level 5 of the
                  | Dungeon)
  7777 | D:5      | Received a gift from Kikubaaqudgha
  8182 | D:5      | Learned a level 3 spell: Vampiric Draining
  8185 | D:5      | Learned a level 2 spell: Corpse Rot
  8825 | D:6      | Reached skill level 1 in Necromancy
  9216 | D:6      | Found a basalt altar of Yredelemnul.
  9717 | D:6      | Reached skill level 5 in Fighting
 10033 | D:7      | Reached skill level 5 in Spellcasting
 10041 | D:7      | HP: 1/68 [wight/+0 halberd (9)]
 10041 | D:7      | Slain by a wight

Levels and vault maps discovered:
D:1:      giann_bridges, layout_basic
D:2:      layout_rooms, cheibriados_altar_1, st_stairs_14,
          roderic_st_hans_cross, uniq_robin, uniq_jessica, uniq_sigmund,
          uniq_crazy_yiuf_cottage
D:3:      layout_basic, gammafunk_temple_overflow_claw,
          ebering_ghost_rock_garden, first_ration
D:4:      layout_basic, serial_shops, shop_statue
D:5:      layout_basic, kennysheep_little_box, dancing_weapons_uskayaw,
          nicolae_overflow_crystal_walls, minmay_temple_entry_slanted,
          gup_sewer_entry_bubbles
D:6:      layout_loops_corners, lemuel_zombie_altar_yredelemnul
D:7:      layout_basic, serial_shops, kennysheep_mini_moat
D:8:      layout_rooms, lightli_temple_of_fire, old_standard_altar,
          marbit_many_paths
Temple:   nicolae_temple_figure_zero

Skill      XL: |  1  2  3  4  5  6  7  8  9 |
---------------+----------------------------+-----
Conjurations   | 2 |  2.0
Short Blades   | 1 2 |  2.0
Spellcasting   | 3 4 5 |  5.0
Fighting       | 2 3 4 5 |  5.0
Charms         | 1 2 3 4 |  4.0
Evocations     | 2 3 7 8 |  8.9
Necromancy     | 2 |  2.4
Dodging        | |  2.0
Stealth        | |  2.0
Air Magic      | |  3.0

Action                   |  1- 3 |  4- 6 |  7- 9 || total
-------------------------+-------+-------+-------++-------
Melee: Dagger            |     7 |    34 |   193 ||   234
       Long sword        |       |       |    15 ||    15
Throw: Dart              |     6 |     3 |    99 ||   108
 Cast: Shock             |    57 |    48 |   156 ||   261
       Static Discharge  |     5 |    10 |    17 ||    32
       Vampiric Draining |       |       |     4 ||     4
 Abil: Evoke Invisibilit |       |     1 |     6 ||     7
       Evoke Berserk Rag |       |     1 |     7 ||     8
  Use: Scroll            |     3 |     3 |     7 ||    13
       Potion            |       |     2 |     3 ||     5
 Stab: Sleeping          |     1 |       |     1 ||     2
       Invisible         |       |     2 |     6 ||     8
  Eat: Chunk             |     1 |     4 |    22 ||    27
       Ration            |     1 |     1 |     2 ||     4
Armor: Robe              |     3 |    12 |    83 ||    98
Dodge: Dodged            |     9 |    41 |   170 ||   220

Table legend:
 A = Non-vault XP
 B = Vault XP
 C = Vault XP percentage of total XP
 D = Non-vault monster count
 E = Vault monster count
 F = Vault count percentage of total count
                 A         B        C        D         E       F
            +---------+---------+-------+---------+---------+-------
      Total |    3493 |     393 |  10.1 |     147 |      26 |  15.0
            +---------+---------+-------+---------+---------+-------
        D:1 |      40 |      26 |  39.4 |      20 |       8 |  28.6
        D:2 |      30 |     319 |  91.4 |      11 |       9 |  45.0
        D:3 |     177 |       0 |   0.0 |      19 |       0 |   0.0
        D:4 |     659 |       0 |   0.0 |      26 |       0 |   0.0
        D:5 |     364 |      45 |  11.0 |      23 |       7 |  23.3
        D:6 |     397 |       3 |   0.8 |      10 |       2 |  16.7
        D:7 |     499 |       0 |   0.0 |      17 |       0 |   0.0
        D:8 |    1327 |       0 |   0.0 |      21 |       0 |   0.0
            +---------+---------+-------+---------+---------+-------
